AoeStats
← outlaw182

Arena

508285642Analyzed
1v1 RM · 12d ago on Sep 21, 2026· 50m 37s· 2 players
Game mode
Random Map
Map size
Tiny (2 player)
Population
200
Speed
Normal
Resources
Standard
Victory
Conquest
Starting age
Dark Age
Ending age
Imperial Age
RankedLock teamsTeams togetherTeam positionsShared explorationLock speedFull tech treeHidden civsTurbo modeCheats
Victory
Defeat
🇳🇱 Japanese · Netherlands
1068
+15
🇲🇽 Mongols · Mexico
1053
-15
outlaw182
8:52 Loom
10:51 Feudal Age
9:52 Loom
15:19 Castle Age
13:44 Town Watch
13:50 Double-Bit Axe
14:51 Fletching
15:07 Horse Collar
19:03 Bodkin Arrow
29:16 Town Patrol
35:55 Imperial Age
35:12 Wheelbarrow
35:01 Ballistics
35:26 Stone Mining
35:42 Padded Archer Armor
35:55 Masonry
39:46 Chemistry
38:48 Bracer
39:06 Heavy Plow
40:44 Leather Archer Armor
41:52 Conscription
43:16 Thumb Ring
43:02 Capped Ram
49:17 Stone Shaft Mining
50:27 Hoardings
Muppet
11:28 Feudal Age
15:17 Castle Age
13:21 Horse Collar
14:31 Loom
14:44 Double-Bit Axe
17:20 Town Watch
18:05 Gold Mining
19:03 Wheelbarrow
19:10 Bow Saw
19:02 Heavy Plow
19:12 Fletching
23:26 Gold Shaft Mining
24:59 Hand Cart
26:07 Forging
25:58 Scale Mail Armor
26:13 Forging
32:03 Imperial Age
30:44 Chain Mail Armor
34:28 Two-Man Saw
34:03 Plate Mail Armor
34:01 Conscription
36:17 Iron Casting
35:39 Bodkin Arrow
36:29 Iron Casting
36:33 Capped Ram
38:52 Stone Mining
40:18 Heavy Scorpion
42:47 Blast Furnace
42:27 Hoardings
43:01 Elite Samurai
44:16 Bracer
45:48 Treadmill Crane
47:10 Hoardings
49:28 Chemistry
Connection lost

Rejoining the realm…

Still unreachable

The connection could not be restored.

Session expired

The server has moved on; the page needs a fresh start.